Minoru, lawful male human Samurai --- ------.--- ---- |........| |..--- ---- --..%.....-- --....| |..----...<......--------.q...| |...(......%........)%........| ---.---........--.%-----%....|.--- |...| |........--..-- --..--|.@.| ---.--- ---...........----|..| ---.| ---...| |..............--.-- .. |...--- |......--.........| .Z- |....| --.....--........-- ... ---..| -----.............--- ... ---- --.|..............-- .... |.....--.........-- ..... --...------......-- ...... |.^..| ----...| .....| --...| |..-- .---.| |....| ---- -- -- --..-- ---- Minoru the Ninja Experience level: 7 Strength: 15 Dexterity: 15 Constitution: 18 Intelligence: 12 Wisdom: 7 Charisma: 6 Health: 0(61) Energy: 20(20) Def: 11 Gold: 564 Moves: 3462 Dungeon seed: ggwfHMUc6-T-KMAs Game ID: Minoru_1496611118 Your Inventory: Coins $ - 564 gold pieces Weapons a - an uncursed +0 katana (weapon in hand) b - an uncursed +0 wakizashi (alternate weapon; not wielded) c - an uncursed +0 yumi d - 39 uncursed +0 ya (in quiver) v - 26 uncursed +0 arrows D - a blessed +0 dagger Armor r - an uncursed +0 dwarvish iron helm (being worn) y - an uncursed +0 oilskin cloak (being worn) K - an uncursed +0 dwarvish mithril-coat (being worn) M - an uncursed +0 pair of iron shoes (being worn) Comestibles k - 5 uncursed gunyoki p - 3 uncursed eggs I - 2 uncursed bars of chocolate Scrolls l - an uncursed scroll of amnesia x - an uncursed scroll of identify J - a blessed scroll of food detection Spellbooks o - an uncursed spellbook of fireball Potions g - an uncursed potion of sake m - an uncursed potion of healing u - an uncursed potion of restore ability w - a blessed potion of blindness C - an uncursed potion of sleeping Rings s - an uncursed ring of protection from shape changers O - an uncursed ring of polymorph control Tools t - an uncursed blindfold A - 12 uncursed tallow candles (0:200) F - 3 blessed tallow candles (0:200) P - an uncursed wax candle (0:400) Q - a blessed wax candle (0:400) Gems e - an uncursed worthless piece of black glass n - 2 uncursed jasper stones z - 2 uncursed worthless pieces of yellow glass B - an uncursed jet stone G - an uncursed worthless piece of yellowish brown glass N - an uncursed turquoise stone Y - 3 uncursed worthless pieces of blue glass Spells and supernatural/magical abilities: Name Level Category Fail Memory W - pray for help -- divine ? -- Your skills at the end: Fighting Skills martial arts [Basic] Weapon Skills short sword [Basic] long sword [Skilled] bow [Basic] Spellcasting Skills Final Attributes: You were piously aligned. You were telepathic. You aggravated monsters. You were fast. You are dead. Vanquished creatures: a giant spider a gnome king 2 bugbears a rock piercer 2 rock moles a pony 4 gnome lords 3 gnomish wizards a baby crocodile a little dog a floating eye 2 dwarves a homunculus 3 rothes a centipede 3 iguanas 2 coyotes 2 hobbits a hobgoblin 5 giant rats a brown mold a green mold 26 gnomes a gecko 10 jackals 2 foxes a kobold 2 goblins 5 sewer rats 3 grid bugs 2 bats a lichen a kobold zombie 4 newts 98 creatures vanquished. Voluntary challenges: You had been an atheist until turn 3170. You used a wielded weapon 147 times, starting on turn 4. You read items or engraved 3 times, starting on turn 2570. You never genocided any monsters. You never polymorphed an object. You changed form 2 times, starting on turn 1608. You used no wishes. You never split a pudding. You wrote Elbereth's name 2 times, starting on turn 2863. You never violated your personal moral code. Dungeon overview: The Dungeons of Doom: levels 1 to 8 Level 1 some fountains a long staircase Level 2 Level 3 Level 4 a scroll shop stairs to The Gnomish Mines Level 5 Level 6 a fountain, a sink Level 7 a fountain Level 8 many fountains The Gnomish Mines: levels 5 to 8 Level 5 stairs to The Dungeons of Doom Level 6 Level 7 a delicatessen, a temple to Amaterasu Omikami, some fountains Level 8 <- You were here History has recorded: On T:1 you entered the Dungeons of Doom to retrieve the Amulet of Yendor! On T:188 you reached level 2 of The Dungeons of Doom. On T:385 you reached level 3 of The Dungeons of Doom. On T:576 you advanced to experience level 2. On T:652 you reached level 4 of The Dungeons of Doom. On T:673 you reached level 1 of The Gnomish Mines. On T:686 you advanced to experience level 3. On T:816 you reached level 5 of The Dungeons of Doom. On T:1095 you reached level 6 of The Dungeons of Doom. On T:1290 you reached level 7 of The Dungeons of Doom. On T:1425 you advanced to experience level 4. On T:1570 you reached level 8 of The Dungeons of Doom. On T:1685 you advanced to experience level 5. On T:2587 you advanced to experience level 6. On T:2610 you reached level 2 of The Gnomish Mines. On T:2764 you reached level 3 of The Gnomish Mines. On T:3244 you reached level 4 of The Gnomish Mines. On T:3438 you advanced to experience level 7. Score breakdown: Gold: 564 ( 9361 points) Experience: 7 levels (13645 points) Exploration: 8 levels ( 16.00%) (11338 points) Discoveries: 4 items ( 1.63%) ( 3825 points) Valuables value: (no points given unless you survive) Artifact value: 0 ( 0 points) Variety of kills: 34 monsters ( 8.92%) ( 8961 points) Turncount: 3462 turns ( -811 points) Survival: died (score multiplied by 80%) Total score: 37055 Latest messages: Ecch - that must have been poisonous! This giant spider corpse tastes terrible! There are a few objects here. The gnome lord hits! You hit the gnome lord. The gnome lord hits! You hit the gnome lord! The gnome lord turns to flee! You kill the gnome lord! There are a few objects here. You are now more skilled in long sword. p - an uncursed egg. Q - a candle. This gnome lord corpse tastes terrible! You stop eating. You resume your meal. You finish eating the gnome lord corpse. You hit the mumak. The mumak butts! The mumak bites! You are caught in a magical explosion! You die... Final status: Sayonara Minoru the Samurai, killed by a magical explosion... You died in The Gnomish Mines on dungeon level 8 with 37055 points, and 564 pieces of gold, after 3462 moves. You were level 7 with a maximum of 61 hit points when you died.